 Dungeon Crawl Stone Soup version 0.21.1-1-g345015f (webtiles) character file.

273 Mesmaeker13 the Charmwright (level 5, -3/67 HPs)
             Began as a Demigod Skald on Feb 25, 2018.
             Slain by a worm (7 damage)
             ... on level 5 of the Dungeon.
             The game lasted 00:07:31 (5745 turns).

Mesmaeker13 the Charmwright (Demigod Skald)         Turns: 5745, Time: 00:07:32

Health: -3/67      AC: 22    Str: 16    XL:     5   Next: 72%
Magic:  10/10      EV:  2    Int: 17    God:
Gold:   224        SH:  0    Dex: 15    Spells: 6/7 levels left

rFire    . . .     SeeInvis .   a - +0 falchion
rCold    . . .     Gourm    .   (no shield)
rNeg     + + +     Faith    .   (armour currently unavailable)
rPois    +         Spirit   .   (helmet currently unavailable)
rElec    .         Reflect  .   (cloak currently unavailable)
rCorr    .         Harm     .   (gloves currently unavailable)
MR       .....     NoTele   +   (boots currently unavailable)
Stlth    +.........             (no amulet)
HPRegen  0.21/turn              (no ring)
MPRegen  0.12/turn              (no ring)

@: tree-form
A: high mp 1
a: no special abilities


You were on level 5 of the Dungeon.
You were hungry.
You were a tree.
You visited 1 branch of the dungeon, and saw 5 of its levels.

You collected 224 gold pieces.

Inventory:

Hand Weapons
 a - a +0 falchion (weapon)
 e - a +1 short sword of freezing
Armour
 g - a +3 ring mail of cold resistance (melded)
Scrolls
 i - a scroll of teleportation
 k - a scroll of remove curse
 n - a scroll of enchant weapon {unknown}
 o - a scroll of amnesia {unknown}
Potions
 b - 2 potions of curing
 h - a potion of experience {unknown}
 j - a potion of brilliance {unknown}
 l - 2 potions of flight {unknown}
 p - 3 potions of heal wounds
 q - a potion of degeneration {unknown}
Books
 c - a book of Battle

   Spells                             Type                      Level
   a - Infusion                       Charms                       1
   b - Shroud of Golubria             Charms/Translocation         2
   c - Song of Slaying                Charms                       2
   d - Spectral Weapon                Hexes/Charms                 3
   e - Regeneration                   Charms/Necromancy            3
Comestibles
 m - 2 rations


   Skills:
 + Level 3.2 Fighting
 + Level 3.2 Long Blades
 + Level 2.7 Armour
 - Level 1.7 Dodging
 - Level 1.7 Spellcasting
 + Level 3.8 Charms


You had 6 spell levels left.
You knew the following spells:

 Your Spells              Type           Power        Failure   Level  Hunger
a - Infusion              Chrm           ##..         4%          1    #......


Dungeon Overview and Level Annotations

Branches:
Dungeon (5/15)
 Temple: D:4-7

Annotations:
D:2 Sigmund
D:3 kaesh's ghost, amateur TrMo


Innate Abilities, Weirdness & Mutations

You have an increased reservoir of magic. (+10% MP)


Message History

You barely miss the scorpion.
The scorpion is heavily wounded.
The scorpion barely misses you.
The scorpion stings you but does no damage.
You hit the scorpion.
The scorpion is heavily wounded.
The worm bites you but does no damage. The scorpion completely misses you.
You hit the scorpion but do no damage.
The scorpion is heavily wounded.
The scorpion stings you but does no damage.
The worm bites you but does no damage.
You hit the scorpion.
The scorpion is almost dead.
The scorpion barely misses you.
You closely miss the scorpion.
The scorpion is almost dead.
The scorpion stings you.
* * * LOW HITPOINT WARNING * * *
The worm bites you!
You die...

#..........#
#..........#
#..........#
#....<...#
#........#
#....#....#
.........).#
........(..#
....#.....♣#
....#####.sw#
... ##...#
##.... ..##.
..# .. .## .
.#


You could see a worm and a scorpion.

Vanquished Creatures
  An ogre (D:4)
  Terence (D:2)
  Robin (D:3)
  7 adders
  3 worms
  5 dart slugs
  2 orcs
  3 ball pythons
  2 giant cockroaches
  11 hobgoblins
  8 jackals
  A quokka (D:3)
  4 bats
  A frilled lizard (D:3)
  8 goblins
  6 kobolds
  8 rats
72 creatures vanquished.

Notes
Turn   | Place    | Note
-------+----------+-------------------------------------------
     0 | D:1      | Mesmaeker13 the Demigod Skald began the quest for the Orb.
     0 | D:1      | Reached XP level 1. HP: 17/17 MP: 5/5
    42 | D:1      | Reached skill level 1 in Armour
   307 | D:1      | Reached XP level 2. HP: 7/24 MP: 7/7
   958 | D:1      | Reached XP level 3. HP: 28/29 MP: 8/8
  1238 | D:2      | Noticed Sigmund
  2339 | D:3      | Noticed kaesh's ghost (amateur TrMo)
  2632 | D:2      | Reached XP level 4. HP: 35/37 MP: 9/9
  3395 | D:2      | Noticed Terence
  3430 | D:2      | Killed Terence
  4641 | D:3      | Noticed Robin
  4656 | D:3      | Killed Robin
  4817 | D:3      | Reached XP level 5. HP: 44/44 MP: 10/10
  5009 | D:4      | Noticed an ogre
  5023 | D:4      | Found a white marble altar of Elyvilon.
  5182 | D:4      | Killed an ogre
  5482 | D:4      | Found a shattered altar of Ashenzari.
  5632 | D:4      | Noticed a phantom
  5704 | D:5      | Entered Level 5 of the Dungeon
  5745 | D:5      | Slain by a worm

Skill      XL: |  1  2  3  4  5 |
---------------+----------------+-----
Armour         | 1 2 |  2.7
Fighting       | 2 3 |  3.2
Long Blades    | 2 3 |  3.2
Charms         | 3 |  3.8
Dodging        | |  1.7
Spellcasting   | |  1.7

Action                   |  1- 3 |  4- 6 || total
-------------------------+-------+-------++-------
Melee: Falchion          |   142 |   148 ||   290
       Short sword       |       |    73 ||    73
  Use: Scroll            |       |     4 ||     4
       Potion            |       |     3 ||     3
 Stab: Sleeping          |     1 |       ||     1
  Eat: Chunk             |     3 |     5 ||     8
       Ration            |     1 |     1 ||     2
Armor: Leather armour    |    19 |       ||    19
       Ring mail         |    18 |    60 ||    78
       Skin              |       |    30 ||    30
Dodge: Dodged            |   101 |    96 ||   197
       Rpst.: Falchion   |    36 |    18 ||    54
